 Seeded DCSS version 0.31-a0-1529-g7bd419a0e5 (webtiles) character file.

Game seed: 1631997586172053248 (custom seed)

3204 voltaire321 the Digger (level 9, -14/66 HPs)
             Began as a Demonspawn Earth Elementalist on Dec 31, 2023.
             Succumbed to scorpion's concentrated venom
             ... on level 8 of the Dungeon.
             The game lasted 00:29:01 (8501 turns).

voltaire321 the Digger (DsEE)                       Turns: 8501, Time: 00:29:01

Health: -14/66     AC:  5    Str: 14    XL:     9   Next: 65%
Magic:  5/16       EV: 13    Int: 27    God:
Gold:   315        SH:  8    Dex: 15    Spells: 10/17 levels left

rFire   + . .        m - +1 whip (elec)
rCold   . . .        g - +3 buckler "Ojucloge" {Will+ Int+4}
rNeg    . . .        k - +0 robe of Wu Jian's Displeasure {Str+3 Int+5 Dex+2}
rPois   .            c - +0 helmet
rElec   .            (no cloak)
rCorr   .            p - +1 pair of gloves
SInv    +            (no boots)
Will    +....        (no amulet)
Stlth   ++           f - ring of see invisible
HPRegen 0.31/turn    A - ring of protection from fire
MPRegen 0.15/turn

%: no passive effects
@: lethally poisoned (-14 -> -73), slowed, very slow
A: demonic guardian 1
a: no special abilities


You were on level 8 of the Dungeon.
You visited 2 branches of the dungeon, and saw 9 of its levels.
You also visited: Sewer.

You collected 354 gold pieces.
You spent 39 gold pieces at shops.

Inventory:

Hand Weapons
 m - a +1 whip of electrocution (weapon)
 s - a +0 rapier
 u - a +3 dagger of protection
 H - a +0 scimitar
 I - a +4 war axe
 L - a +3 long sword of freezing
Missiles
 y - 2 throwing nets
 J - a curare-tipped dart
Armour
 c - a +0 helmet (worn)
 g - the +3 buckler "Ojucloge" (worn) {Will+ Int+4}
   (You acquired it on level 2 of the Dungeon)

   Int+4:     It affects your intelligence (+4).
   Will+:     It increases your willpower.
 k - the +0 robe of Wu Jian's Displeasure (worn) {Str+3 Int+5 Dex+2}
   (You found it on level 2 of the Dungeon)

   Str+3:     It affects your strength (+3).
   Int+5:     It affects your intelligence (+5).
   Dex+2:     It affects your dexterity (+2).
 p - a +1 pair of gloves (worn)
 t - a +1 chain mail of cold resistance
Jewellery
 f - a ring of see invisible (left hand)
 A - a ring of protection from fire (right hand)
 E - a +6 ring of dexterity
Wands
 a - a wand of mindburst (14)
 q - a wand of digging (4)
 B - a wand of flame (35)
Scrolls
 e - a scroll of fear
 i - 2 scrolls of revelation
 l - a scroll of blinking
 n - a scroll of fog {unknown}
 r - 2 scrolls of teleportation
 C - a scroll of silence {unknown}
 D - a scroll of butterflies
 F - a scroll of enchant armour
 G - 2 scrolls of identify
 M - a scroll of enchant weapon
Potions
 b - a potion of magic
 d - 3 potions of haste {unknown}
 h - a potion of berserk rage {unknown}
 j - a potion of enlightenment {unknown}
 o - 2 potions of lignification {unknown}
 v - 2 potions of cancellation {unknown}
 w - 2 potions of brilliance {unknown}
 x - a potion of heal wounds
 z - 2 potions of might {unknown}
 K - a potion of curing


   Skills:
 + Level 4.6 Fighting
 + Level 4.3 Armour
 + Level 4.8 Dodging
 - Level 1.7 Stealth
 + Level 4.2 Shields
 + Level 4.7 Spellcasting
 + Level 4.2 Conjurations
 + Level 5.0 Earth Magic
 + Level 4.7 Alchemy


You had 10 spell levels left.
You knew the following spells:

 Your Spells              Type           Power      Damage    Failure   Level
a - Sandblast             Erth           66%        2d15      1%          1
b - Passwall              Erth           33%        N/A       3%          3
c - Stone Arrow           Conj/Erth      62%        3d10      4%          3

Your spell library contained the following spells:

 Spells                   Type           Power      Damage    Failure   Level
 Magic Dart               Conj           100%       1d8       1%          1
 Necrotise                Necr           24%        1d5       10%         1
 Hailstorm                Conj/Ice       17%        3d6       12%         3
 Petrify                  Alch/Erth      33%        N/A       13%         4
 Blink                    Tloc           12%        N/A       14%         2
 Call Imp                 Summ           12%        N/A       14%         2
 Ensorcelled Hibernation  Hex/Ice        12%        N/A       14%         2
 Brom's Barrelling Bould  Conj/Erth      31%        2d5       14%         4
 Summon Ice Beast         Ice/Summ       6%         N/A       28%         3
 Swiftness                Air            6%         N/A       28%         3
 Tukima's Dance           Hex            6%         N/A       28%         3
 Vampiric Draining        Necr           6%         2d6       28%         3
 Ignite Poison            Fire/Alch      19%        N/A       36%         4
 Sticky Flame             Fire/Alch      19%        2d6       36%         4
 Martyr's Knell           Necr/Summ      6%         N/A       67%         4
 Passage of Golubria      Tloc           6%         N/A       67%         4
 Yara's Violent Unravell  Hex/Alch       9%         3d6       71%         5
 Curse of Agony           Necr           6%         N/A       95%         5
 Sculpt Simulacrum        Ice/Alch       9%         N/A       99%         6
 Ignition                 Fire           3%         3d4       100%        8


Dungeon Overview and Level Annotations

Branches:
Dungeon (8/15)             Temple (1/1) D:6           Sewer (visited)
   Lair: D:8-11

Altars:
Ashenzari
Cheibriados
Dithmenos
Gozag
Hepliaklqana
Okawaru
Qazlal
Ru
Sif Muna
Trog
Uskayaw
Vehumet
Wu Jian
Yredelemnul

Shops:
D:5 [?[[

Annotations:
D:5 3 runed translucent doors, xnavy's ghost, novice OnRe
D:8 Amaemon


Innate Abilities, Weirdness & Mutations

A weak demonic guardian rushes to your aid.


Message History

Confirm with . or Enter, or press ? or * to list all spells.
Aiming: Stone Arrow (dangerous; 4% risk of failure)
Press: ? - help, Shift-Dir - straight line, f/p - Amaemon
Aim: Amaemon, wielding a +1 demon whip of venom (heavily wounded, 67% to hit)
The stone arrow hits Amaemon.
Amaemon is heavily wounded.
Amaemon gestures at the scorpion while chanting.
The scorpion's venom grows more potent.
You block the scorpion's attack. x2; The orange demon stings you from afar.
You are poisoned.
You have difficulty breathing.
You feel yourself slow down.
Amaemon gestures wildly while chanting.
You feel extremely sick. You block the scorpion's attack.
The scorpion attacks as it pursues you! You block the scorpion's attack.
The orange demon stings you from afar.
You are lethally poisoned!
You have difficulty breathing.
You feel as though you will be slow longer.
The scorpion misses you. The scorpion closely misses you.
* * * LOW HITPOINT WARNING * * *
You feel extremely sick. The scorpion stings you.
* * * LOW HITPOINT WARNING * * *
The orange demon attacks as it pursues you!
The orange demon stings you from afar.
* * * LOW HITPOINT WARNING * * *
The scorpion attacks as it pursues you!
The scorpion stings you but does no damage.
The scorpion stings you.
* * * LOW HITPOINT WARNING * * *
A demonic guardian appears!
Amaemon casts a spell at the scorpion.
The scorpion's venom grows more potent.
The orange demon misses you. The scorpion stings you.
* * * LOW HITPOINT WARNING * * *
You are more poisoned.
You have difficulty breathing.
* * * LOW HITPOINT WARNING * * *
You feel as though you will be slow longer.
You die...

.# ## ...#
..# .#.#
#... #######
.#...
#..##.....#
..
#........#
..#.#.46...#
#......sss.#
###.###.####
.......@#
####...5#
+....#
#....#
......#
##.#+#.# #.
#.# # #.#


You could see Amaemon, an orange demon (curare), 2 scorpions and a friendly
quasit (summoned).

Vanquished Creatures
  Pikel (D:4)
  A troll (D:6)
  3 water moccasins
  Duvessa (D:4)
  2 ice beasts (D:5)
  A black bear (D:5)
  Pargi (Sewer)
  A sky beast (D:6)
  A centaur (D:7)
  An ogre (D:4)
  3 lemures (D:4)
  A kobold brigand (D:7)
  2 brain worms (Sewer)
  A bullfrog (D:7)
  8 wights (D:7)
  2 howler monkeys (D:7)
  A jelly (D:7)
  3 bombardier beetles
  A gnoll bouda (D:7)
  2 orc priests
  A sleepcap (D:6)
  2 iguanas (D:5)
  5 orc wizards
  8 gnolls
  6 adders
  4 dart slugs
  6 ribbon worms
  24 orcs
  3 endoplasms
  5 giant cockroaches
  7 goblins
  6 hobgoblins
  4 jackals (D:4)
  A quokka (D:1)
  11 ball pythons
  10 bats
  7 frilled lizards
  9 kobolds
  6 rats
162 creatures vanquished.

Vanquished Creatures (collateral kills)
  Dowan (D:4)
  A gnoll (D:2)
  2 orcs (D:3)
4 creatures vanquished.

Vanquished Creatures (others)
  An orc wizard (D:4)
1 creature vanquished.

Grand Total: 167 creatures vanquished

Notes
Turn   | Place    | Note
-------+----------+-------------------------------------------
     0 | D:1      | voltaire321 the Demonspawn Earth Elementalist began the
                  | quest for the Orb.
     0 | D:1      | Reached XP level 1. HP: 13/13 MP: 3/3
   383 | D:1      | Gained mutation: A weak demonic guardian rushes to your
                  | aid. [demonic ancestry]
   383 | D:1      | Reached XP level 2. HP: 20/20 MP: 3/5
   960 | D:2      | Reached XP level 3. HP: 10/25 MP: 0/6
  1082 | D:2      | Reached skill level 1 in Fighting
  1096 | D:2      | Identified a scroll of acquirement
  1096 | D:2      | Acquired the +3 buckler "Ojucloge" {Will+ Int+4}
  1127 | D:2      | Reached skill level 1 in Armour
  1184 | D:2      | Reached skill level 3 in Earth Magic
  1184 | D:2      | Reached XP level 4. HP: 28/32 MP: 1/7
  1942 | D:2      | Learned a level 3 spell: Passwall
  1946 | D:2      | Learned a level 3 spell: Stone Arrow
  2212 | D:2      | Identified the +0 robe of Wu Jian's Displeasure {Str+3
                  | Int+5 Dex+2}
  2360 | D:3      | Noticed a water moccasin
  2412 | D:3      | Reached skill level 1 in Shields
  2412 | D:3      | Reached XP level 5. HP: 37/37 MP: 3/8
  2689 | D:3      | Reached skill level 1 in Conjurations
  2710 | D:3      | Reached XP level 6. HP: 16/44 MP: 0/10
  3390 | D:4      | Noticed Pikel
  3617 | D:4      | Noticed Dowan
  3643 | D:4      | Noticed Duvessa
  3659 | D:4      | Found a glowing drain.
  3673 | Sewer    | Entered a sewer
  3879 | Sewer    | Noticed Pargi
  4009 | Sewer    | Killed Pargi
  4010 | Sewer    | Reached XP level 7. HP: 43/51 MP: 0/11
  4276 | D:4      | Killed Dowan
  4509 | D:4      | Killed Duvessa
  4622 | D:4      | Killed Pikel
  4623 | D:4      | Reached skill level 4 in Earth Magic
  4623 | D:4      | Reached XP level 8. HP: 28/58 MP: 3/13
  4960 | D:4      | Found an ornate altar of the Wu Jian Council.
  5268 | D:5      | Entered Level 5 of the Dungeon
  5367 | D:5      | Found a runed translucent gate.
  5367 | D:5      | Found a runed translucent gate.
  5367 | D:5      | Found a runed translucent gate.
  5368 | D:5      | Identified the +7 dagger of Ovyn Ybadi {holy, *Rage rElec
                  | rF+++ Dex+3}
  5370 | D:5      | Noticed xnavy's ghost (novice OnRe)
  5442 | D:5      | Found Pexudo Gey's Armour Emporium.
  5481 | D:5      | Found Muygeruam's Antique Armour Shop.
  5762 | D:5      | Found Ziuziseth's Magic Scroll Shoppe.
  5771 | D:5      | Bought a scroll of teleportation for 39 gold pieces
  6216 | D:5      | Found Kostyazxi's Armour Shoppe.
  6392 | D:6      | Noticed a troll
  6398 | D:6      | Killed a troll
  6399 | D:6      | Reached XP level 9. HP: 47/65 MP: 1/15
  6747 | D:6      | Found a staircase to the Ecumenical Temple.
  6985 | Temple   | Entered the Ecumenical Temple
  7762 | D:7      | Found an iron altar of Okawaru.
  7772 | D:7      | Reached skill level 5 in Earth Magic
  7896 | D:7      | Found a hazy altar of Hepliaklqana.
  8315 | D:8      | Noticed Amaemon
  8318 | D:8      | Noticed an orange demon
  8500 | D:8      | HP: 3/66 [asphyx]
  8501 | D:8      | Succumbed to scorpion's concentrated venom

Illustrated notes

Levels and vault maps discovered:
D:1:      dpeg_arrival_erosion, layout_basic, minmay_misc_feat_tower
D:2:      layout_basic
D:3:      layout_basic
D:4:      layout_loops_ring, nicolae_wu_jian_glorious_leap,
          cheibrodos_sewer_entry_sluice, eino_small_chamber_without_monster,
          uniq_pikel, uniq_duvessa
D:5:      layout_cave_pods, serial_shops, nicolae_shop_behind_doors, shop,
          nicolae_lakefront_shop, shop, biasface_ghost_orc_armoury
D:6:      layout_rooms, minmay_temple_entry_butterflies
D:7:      layout_loops_cross, lemuel_tele_altar, okawaru_metal_pillars_3,
          kennysheep_generic_room_4
D:8:      layout_basic, mainiacjoe_overflow_cross_hatched, uniq_prince_ribbit1,
          uniq_amaemon
Temple:   compressed_dpeg_circular_temple

Skill      XL: |  1  2  3  4  5  6  7  8  9 |
---------------+----------------------------+-----
Dodging        | 2 3 4 |  4.8
Fighting       | 1 2 3 4 |  4.6
Armour         | 1 2 3 4 |  4.3
Earth Magic    | 3 4 5 |  5.0
Alchemy        | 2 3 4 |  4.7
Shields        | 1 2 3 4 |  4.2
Conjurations   | 1 2 3 4 |  4.2
Spellcasting   | 3 4 |  4.7
Stealth        | |  1.7

Action                     |  1- 3 |  4- 6 |  7- 9 || total
---------------------------+-------+-------+-------++-------
  Melee: Unarmed           |     2 |       |       ||     2
         Short sword       |       |    39 |       ||    39
         Dagger            |       |    24 |    41 ||    65
         Whip              |       |       |    24 ||    24
   Cast: Sandblast         |    45 |   119 |   143 ||   307
         Stone Arrow       |       |     3 |    27 ||    30
    Use: Scroll            |     4 |     4 |     6 ||    14
         Potion            |       |       |     1 ||     1
 Armour: Robe              |    14 |    59 |   112 ||   185
  Dodge: Dodged            |    19 |    51 |    76 ||   146
  Block: Buckler           |     1 |    40 |    65 ||   106

Table legend: (Time is in decaauts)
 A = Elapsed time spent in this place.
 B = Non-inter-level travel time spent in this place.
 C = Inter-level travel time spent in this place.
 D = Time resting spent in this place.
 E = Time spent auto-exploring this place.
 F = Levels seen in this place.
 G = Mean time per level.
                   A        B        C        D        E       F      G
               +--------+--------+--------+--------+--------+-----+--------+
         Total |   8709 |   8373 |    336 |   2338 |   3868 |  10 |  870.9 |
       Dungeon |   8040 |   7704 |    336 |   1941 |   3804 |   8 | 1005.0 |
        Temple |     17 |     17 |      0 |      0 |      0 |   1 |   17.0 |
         Sewer |    651 |    651 |      0 |    397 |     64 |   1 |  651.0 |
               +--------+--------+--------+--------+--------+-----+--------+

Top non-repeatable levels by time:
     D:2: 1334 daAuts
     D:4: 1250 daAuts
     D:5: 1205 daAuts
     D:7: 1184 daAuts
     D:3: 1148 daAuts
     D:1: 1035 daAuts
   Sewer: 651 daAuts
     D:6: 545 daAuts
     D:8: 335 daAuts
  Temple: 17 daAuts
